[Event "Panevezys Elite 2018"]
[Site "Panevezys"]
[Date "2018.06.30"]
[Round "3.4"]
[White "Harutjunyan, Gevorg"]
[Black "Ratsma, Midas"]
[Result "1-0"]
[ECO "A05"]
[WhiteElo "2418"]
[BlackElo "2253"]
[Annotator "ChessBase"]
[PlyCount "75"]
[EventDate "2018.06.29"]
[EventType "swiss"]
[EventRounds "9"]
[EventCountry "LTU"]
[SourceTitle "playchess.com"]
[Source "ChessBase"]
[SourceQuality "1"]
[TimeControl "40/5400+30:1800+30"]

1. Nf3 Nf6 2. g3 e6 3. Bg2 Be7 4. c4 d5 5. d4 O-O 6. O-O dxc4 7. Qc2 a6 8. a4 Bd7 9. Qxc4 Bc6 10. Bg5 Bd5 11. Qc2 Nc6 12. Bxf6 gxf6 13. e4 Nb4 14. Qe2 Bc6 15. Nc3 b6 16. d5 Bb7 17. Rad1 Bd6 18. dxe6 fxe6 19. Qc4 Kh8 20. Nd4 Qe7 21. Nxe6 Qf7 22. Qb3 Rfe8 23. Nd4 Qxb3 24. Nxb3 Be5 25. Rd2 Bc6 26. a5 bxa5 27. Nxa5 Bb5 28. Rfd1 c5 29. Bf1 Rab8 30. Nc4 Bd4 31. Nd6 Re6 32. Ndxb5 axb5 33. Nxb5 Nc6 34. Bc4 Re7 35. b3 Rb6 36. Kg2 Kg7 37. Nd6 Ra7 38. Nc8 1-0

[Event "Panevezys Elite 2018"]
[Site "Panevezys"]
[Date "2018.06.30"]
[Round "3.5"]
[White "Maryasin, Boris"]
[Black "Bjerre, Jonas Buhl"]
[Result "1/2-1/2"]
[ECO "B53"]
[WhiteElo "2304"]
[BlackElo "2436"]
[Annotator "ChessBase"]
[PlyCount "31"]
[EventDate "2018.06.29"]
[EventType "swiss"]
[EventRounds "9"]
[EventCountry "LTU"]
[SourceTitle "playchess.com"]
[Source "ChessBase"]
[SourceQuality "1"]
[TimeControl "40/5400+30:1800+30"]

1. e4 c5 2. Nf3 d6 3. d4 cxd4 4. Qxd4 Nc6 5. Bb5 Bd7 6. Bxc6 Bxc6 7. Nc3 Nf6 8. Bg5 e6 9. O-O-O Be7 10. Qd3 Qa5 11. h4 h6 12. Bd2 Qa6 13. Nd4 Qxd3 14. cxd3 Bd7 15. f3 O-O-O 16. g4 1/2-1/2

[Event "Panevezys Elite 2018"]
[Site "Panevezys"]
[Date "2018.06.30"]
[Round "3.7"]
[White "Laurusas, Tomas"]
[Black "Van Osch, Mees"]
[Result "1-0"]
[ECO "E62"]
[WhiteElo "2465"]
[BlackElo "2324"]
[Annotator "RC"]
[PlyCount "41"]
[EventDate "2018.06.29"]
[EventType "swiss"]
[EventRounds "9"]
[EventCountry "LTU"]
[SourceTitle "playchess.com"]
[Source "ChessBase"]
[SourceQuality "1"]
[TimeControl "40/5400+30:1800+30"]

1. d4 Nf6 2. Nf3 g6 3. g3 Bg7 4. Bg2 O-O 5. O-O d6 6. c4 Nc6 7. Nc3 e5 8. d5 Nb8 9. c5 Na6 10. cxd6 cxd6 11. Nd2 Rb8 12. a4 Ne8 13. Nb5 Ra8 14. Nc4 Nac7 15. Be3 Nxb5 16. axb5 Bd7 17. Qb3 a6 18. Nb6 Nc7 19. Nxa8 Qxa8 20. bxa6 bxa6 21. Qb6 1-0

[Event "Panevezys Elite 2018"]
[Site "Panevezys"]
[Date "2018.06.30"]
[Round "3.8"]
[White "Juksta, Karolis"]
[Black "Malinin, Yuri"]
[Result "0-1"]
[ECO "A40"]
[WhiteElo "2187"]
[BlackElo "2176"]
[Annotator "ChessBase"]
[PlyCount "62"]
[EventDate "2018.06.29"]
[EventType "swiss"]
[EventRounds "9"]
[EventCountry "LTU"]
[SourceTitle "playchess.com"]
[Source "ChessBase"]
[SourceQuality "1"]
[TimeControl "40/5400+30:1800+30"]

1. d4 g6 2. c4 Bg7 3. e4 d6 4. Nc3 e5 5. dxe5 dxe5 6. Qxd8+ Kxd8 7. f4 Nc6 8. Nf3 Be6 9. Be3 Nf6 10. Rd1+ Kc8 11. Be2 b6 12. g3 Kb7 13. O-O Rhe8 14. Kg2 exf4 15. gxf4 Nxe4 16. Nxe4 Bf5 17. Bc1 Bxe4 18. Kg1 Rad8 19. Rxd8 Nxd8 20. Kf2 Bc6 21. Rd1 Ne6 22. b4 Kc8 23. Be3 Rd8 24. Rxd8+ Kxd8 25. Bd2 f6 26. Kg3 Ke7 27. Bd3 Kf7 28. Kf2 Bf8 29. a3 Bd6 30. Kg3 g5 31. Bxh7 gxf4+ 0-1

[Event "Panevezys Elite 2018"]
[Site "Panevezys"]
[Date "2018.06.30"]
[Round "3.10"]
[White "Kalinowska, Zuzanna"]
[Black "Priyanka Nutakki"]
[Result "0-1"]
[ECO "E34"]
[WhiteElo "1968"]
[BlackElo "2180"]
[Annotator "ChessBase"]
[PlyCount "86"]
[EventDate "2018.06.29"]
[EventType "swiss"]
[EventRounds "9"]
[EventCountry "LTU"]
[SourceTitle "playchess.com"]
[Source "ChessBase"]
[SourceQuality "1"]
[TimeControl "40/5400+30:1800+30"]

1. d4 Nf6 2. c4 e6 3. Nc3 Bb4 4. Qc2 d5 5. e3 O-O 6. Nf3 c5 7. dxc5 Nbd7 8. cxd5 Nxd5 9. c6 bxc6 10. Bd3 h6 11. O-O Bb7 12. Rd1 Qe7 13. Bd2 Rac8 14. a3 Bxc3 15. bxc3 c5 16. Rab1 N5b6 17. c4 Bc6 18. Qc3 Bxf3 19. gxf3 Qg5+ 20. Kh1 Qh5 21. Be2 e5 22. Rg1 Rc6 23. Rg3 Rg6 24. Rbg1 Re8 25. Qd3 Rxg3 26. Rxg3 e4 27. fxe4 Ne5 28. Bxh5 Nxd3 29. Kg2 Nxc4 30. Bc3 g6 31. Be2 Rd8 32. f4 Kh7 33. h4 Nxa3 34. h5 Nc1 35. hxg6+ fxg6 36. Bh5 Rg8 37. Bxg6+ Rxg6 38. Rxg6 Kxg6 39. Bb2 Nc4 40. Bxc1 a5 41. e5 a4 42. e4 a3 43. f5+ Kg7 0-1

[Event "Panevezys Elite 2018"]
[Site "Panevezys"]
[Date "2018.06.30"]
[Round "3.12"]
[White "Stasans, Aivars"]
[Black "Prigodin, Ruslan"]
[Result "1/2-1/2"]
[ECO "A00"]
[WhiteElo "2071"]
[BlackElo "2036"]
[Annotator "NA"]
[PlyCount "48"]
[EventDate "2018.06.29"]
[EventType "swiss"]
[EventRounds "9"]
[EventCountry "LTU"]
[SourceTitle "playchess.com"]
[Source "ChessBase"]
[SourceQuality "1"]
[TimeControl "40/5400+30:1800+30"]

1. e4 c6 2. d4 d5 3. Nc3 dxe4 4. Nxe4 Nd7 5. Nf3 Ngf6 6. Nxf6+ Nxf6 7. Ne5 Nd7 8. Bf4 Nxe5 9. Bxe5 Bf5 10. Bd3 Bxd3 11. Qxd3 e6 12. O-O Qd7 13. Rad1 f6 14. Bg3 Bd6 15. Rfe1 Bxg3 16. hxg3 O-O 17. Qb3 Rfe8 18. f4 Qd5 19. c4 Qd7 20. Rd3 Rad8 21. Red1 Qf7 22. Qa4 a6 23. Qb4 Rd7 24. Qd2 Red8 1/2-1/2

[Event "Panevezys Elite 2018"]
[Site "Panevezys"]
[Date "2018.06.30"]
[Round "3.13"]
[White "Sinitsina, Anastassia"]
[Black "Tsiganova, Monika"]
[Result "1-0"]
[ECO "A00"]
[WhiteElo "2101"]
[BlackElo "2131"]
[Annotator "ChessBase"]
[PlyCount "107"]
[EventDate "2018.06.29"]
[EventType "swiss"]
[EventRounds "9"]
[EventCountry "LTU"]
[SourceTitle "playchess.com"]
[Source "ChessBase"]
[SourceQuality "1"]
[TimeControl "40/5400+30:1800+30"]

1. e4 c5 2. Nf3 d6 3. d4 cxd4 4. Nxd4 Nf6 5. f3 e5 6. Bb5+ Nbd7 7. Nf5 d5 8. exd5 a6 9. Ba4 b5 10. Bb3 Nb6 11. Ne3 Bc5 12. Nc3 O-O 13. Qd3 Bb7 14. Ne4 Bxe3 15. Nxf6+ Qxf6 16. Bxe3 Rfd8 17. Bxb6 Qxb6 18. O-O-O a5 19. a3 a4 20. Ba2 b4 21. Bc4 Qc5 22. Rhe1 Rac8 23. b3 axb3 24. cxb3 Rxd5 25. Qc2 Rd4 26. axb4 Qxb4 27. Rxe5 Qa3+ 28. Kb1 Ra8 29. Re8+ Rxe8 30. Rxd4 Ra8 31. Qb2 Qc5 32. Qd2 Qb6 33. Kb2 Qf6 34. Qf4 Qe7 35. Qxf7+ Qxf7 36. Bxf7+ Kxf7 37. Rd7+ Kf6 38. Rxb7 Re8 39. Rc7 Re2+ 40. Rc2 Re3 41. b4 Ke5 42. Kc1 Kd6 43. Kd1 Rb3 44. Rc4 Rb2 45. Rg4 g6 46. Ke1 Ke6 47. Kf1 Kf5 48. h3 h5 49. Rc4 g5 50. Kg1 h4 51. Rg4 Rd2 52. Kf1 Rc2 53. Ke1 Rb2 54. Kd1 1-0

[Event "Panevezys Elite 2018"]
[Site "Panevezys"]
[Date "2018.07.01"]
[Round "4.2"]
[White "Harutjunyan, Gevorg"]
[Black "Stremavicius, Titas"]
[Result "0-1"]
[ECO "A06"]
[WhiteElo "2418"]
[BlackElo "2448"]
[Annotator "ChessBase"]
[PlyCount "68"]
[EventDate "2018.06.29"]
[EventType "swiss"]
[EventRounds "9"]
[EventCountry "LTU"]
[SourceTitle "playchess.com"]
[Source "ChessBase"]
[SourceQuality "1"]
[TimeControl "40/5400+30:1800+30"]

1. Nf3 d5 2. g3 Nf6 3. Bg2 e6 4. O-O c5 5. d4 cxd4 6. Nxd4 e5 7. Nb3 Be6 8. f4 exf4 9. gxf4 g6 10. Nc3 Nc6 11. Be3 Bg7 12. Nd4 Ng4 13. Nxe6 fxe6 14. Bc5 Qa5 15. e3 h5 16. b4 Nxb4 17. Bd4 Bxd4 18. Qxd4 O-O-O 19. Nd1 Rh7 20. h3 Nc6 21. Qd3 Nf6 22. Qxg6 Rf8 23. Kh2 Qc7 24. c4 Rg7 25. Qd3 Rfg8 26. Rf2 Ne5 27. fxe5 Qxe5+ 28. Kh1 Qxa1 29. cxd5 Nxd5 30. Rc2+ Kb8 31. e4 Ne3 32. Qd6+ Ka8 33. Rd2 a6 34. e5 Nxg2 0-1

[Event "Panevezys Elite 2018"]
[Site "Panevezys"]
[Date "2018.07.01"]
[Round "4.4"]
[White "Grib, Roman"]
[Black "Maryasin, Boris"]
[Result "1-0"]
[ECO "B40"]
[WhiteElo "2445"]
[BlackElo "2304"]
[Annotator "ChessBase"]
[PlyCount "95"]
[EventDate "2018.06.29"]
[EventType "swiss"]
[EventRounds "9"]
[EventCountry "LTU"]
[SourceTitle "playchess.com"]
[Source "ChessBase"]
[SourceQuality "1"]
[TimeControl "40/5400+30:1800+30"]

1. e4 c5 2. Nf3 e6 3. c4 Nc6 4. Nc3 Nd4 5. Nxd4 cxd4 6. Ne2 e5 7. Ng3 g6 8. Be2 h5 9. O-O Bh6 10. d3 Qf6 11. Bxh6 Nxh6 12. f4 d6 13. fxe5 Qxe5 14. Qd2 h4 15. Nh1 g5 16. Nf2 g4 17. Nh1 Be6 18. b4 O-O-O 19. Qf4 Rdg8 20. g3 Rg6 21. gxh4 Ng8 22. c5 Qxf4 23. Rxf4 dxc5 24. Rc1 b6 25. bxc5 b5 26. Ng3 Rxh4 27. c6 Rf6 28. Nf5 Bxf5 29. exf5 Ne7 30. Rxd4 Nxc6 31. Bf3 Kc7 32. Bg2 Kb6 33. Rd7 Rhh6 34. Be4 a5 35. Kg2 b4 36. Kg3 a4 37. Rc4 Ka5 38. Rb7 Rh3+ 39. Kxg4 Rhh6 40. d4 Rd6 41. Rc5+ Ka6 42. Rxc6+ Rxc6 43. Bxc6 Rxc6 44. Rxb4 Ka5 45. Rb2 a3 46. Rd2 Kb4 47. d5 Rc8 48. Rd3 1-0

[Event "Panevezys Elite 2018"]
[Site "Panevezys"]
[Date "2018.07.01"]
[Round "4.5"]
[White "Bjerre, Jonas Buhl"]
[Black "Brazdzionis, Andrius"]
[Result "1-0"]
[ECO "B07"]
[WhiteElo "2436"]
[BlackElo "2252"]
[Annotator "ChessBase"]
[PlyCount "121"]
[EventDate "2018.06.29"]
[EventType "swiss"]
[EventRounds "9"]
[EventCountry "LTU"]
[SourceTitle "playchess.com"]
[Source "ChessBase"]
[SourceQuality "1"]
[TimeControl "40/5400+30:1800+30"]

1. e4 d6 2. d4 Nf6 3. Nc3 g6 4. Be3 Bg7 5. Qd2 c6 6. Bh6 Bxh6 7. Qxh6 Qa5 8. Bd3 b5 9. Nf3 Nbd7 10. O-O b4 11. Ne2 Qh5 12. Qd2 O-O 13. Qxb4 c5 14. Qa5 Bb7 15. Ng3 Qg4 16. d5 Nb6 17. c4 e5 18. h3 Qf4 19. Ne2 Qh6 20. Nc3 Bc8 21. Nb5 Bxh3 22. Qd2 Qh5 23. Qg5 Qxg5 24. Nxg5 Bg4 25. f3 Bd7 26. Nxd6 h6 27. Nh3 Bxh3 28. gxh3 Nh5 29. Rfb1 Nf4 30. Bf1 a5 31. a3 a4 32. b4 axb3 33. Rxb3 Ra6 34. Nb7 Nd7 35. Rb5 Rc8 36. Na5 Rca8 37. Nb3 Rc8 38. Rb7 Rb6 39. Nxc5 Rxc5 40. Rxd7 Rb2 41. Ra7 Kg7 42. Ra4 g5 43. Rb4 Rd2 44. a4 Ra5 45. Rb5 Ra6 46. a5 Ng6 47. c5 Nh4 48. Rb3 Rf6 49. Raa3 g4 50. hxg4 h5 51. gxh5 Rh6 52. Re3 Rxh5 53. Re2 Rd1 54. a6 Ng6 55. Rg2 Kf6 56. a7 Nf4 57. Kf2 Nxg2 58. Bxg2 Rd2+ 59. Ke3 Rxg2 60. a8=Q Rhh2 61. Qa6+ 1-0

[Event "Panevezys Elite 2018"]
[Site "Panevezys"]
[Date "2018.07.01"]
[Round "4.6"]
[White "Ratsma, Midas"]
[Black "Krivonosov, Oleg"]
[Result "1/2-1/2"]
[ECO "D37"]
[WhiteElo "2253"]
[BlackElo "2399"]
[Annotator "ChessBase"]
[PlyCount "130"]
[EventDate "2018.06.29"]
[EventType "swiss"]
[EventRounds "9"]
[EventCountry "LTU"]
[SourceTitle "playchess.com"]
[Source "ChessBase"]
[SourceQuality "1"]
[TimeControl "40/5400+30:1800+30"]

1. d4 d5 2. c4 e6 3. Nc3 Be7 4. Bf4 Nf6 5. Nf3 c5 6. dxc5 Na6 7. e3 Nxc5 8. Qc2 O-O 9. Rd1 Nce4 10. Bd3 Nxc3 11. bxc3 Qa5 12. cxd5 exd5 13. Nd4 Bd7 14. Nf5 Bxf5 15. Bxf5 g6 16. Bd3 Rac8 17. Be5 Nd7 18. Bd4 Bf6 19. Kd2 Bxd4 20. exd4 Nb6 21. Rb1 Nc4+ 22. Bxc4 Rxc4 23. Kd3 Rfc8 24. Rhc1 b5 25. Qd2 Qa6 26. Rb4 Qc6 27. Qb2 a6 28. a4 bxa4 29. Rb8 Kg7 30. Rxc8 Qxc8 31. f3 h5 32. Re1 Qf5+ 33. Ke2 a3 34. Qd2 Qc8 35. Rc1 Qb8 36. g3 h4 37. Kf2 h3 38. Rc2 Qb1 39. g4 Qb8 40. f4 Qb3 41. f5 a2 42. Rb2 Qxc3 43. Qxc3 Rxc3 44. Rxa2 gxf5 45. gxf5 Kf6 46. Ra5 Kxf5 47. Rxd5+ Kf4 48. Ra5 Rc2+ 49. Kg1 Rg2+ 50. Kh1 Rd2 51. Kg1 Rg2+ 52. Kh1 Rd2 53. Kg1 Rxd4 54. Rxa6 f5 55. Ra3 Kg4 56. Rg3+ Kh4 57. Kh1 Rd1+ 58. Rg1 Rd3 59. Rg8 Rd2 60. Rg7 f4 61. Kg1 Rd1+ 62. Kf2 Rh1 63. Kf3 Rxh2 64. Rg4+ Kh5 65. Rxf4 Ra2 1/2-1/2

[Event "Panevezys Elite 2018"]
[Site "Panevezys"]
[Date "2018.07.01"]
[Round "4.7"]
[White "Badelka, Olga"]
[Black "Priyanka Nutakki"]
[Result "0-1"]
[ECO "E46"]
[WhiteElo "2407"]
[BlackElo "2180"]
[Annotator "ChessBase"]
[PlyCount "92"]
[EventDate "2018.06.29"]
[EventType "swiss"]
[EventRounds "9"]
[EventCountry "LTU"]
[SourceTitle "playchess.com"]
[Source "ChessBase"]
[SourceQuality "1"]
[TimeControl "40/5400+30:1800+30"]

1. d4 Nf6 2. c4 e6 3. Nc3 Bb4 4. e3 O-O 5. Nge2 Re8 6. a3 Bf8 7. d5 a5 8. g3 Na6 9. Rb1 exd5 10. cxd5 d6 11. Nd4 Bg4 12. Qc2 c5 13. dxc6 bxc6 14. Bg2 d5 15. O-O Bh5 16. Ra1 Bg6 17. Qd1 Bh5 18. Bf3 Bxf3 19. Qxf3 Qd7 20. Bd2 Nc5 21. Rad1 Nd3 22. Bc1 Ne5 23. Qe2 Qb7 24. f3 Rad8 25. Kg2 Bc5 26. Rfe1 Ba7 27. Qf1 Nc4 28. Re2 Nd6 29. Rc2 Nc4 30. Qf2 c5 31. Ndb5 d4 32. exd4 Ng4 33. Qe2 Rxe2+ 34. Rxe2 Nf6 35. d5 h6 36. d6 Bb8 37. b3 Nb6 38. Be3 Qc6 39. a4 Nbd5 40. Bf4 Nxc3 41. Nxc3 g5 42. Be5 Nd7 43. Nd5 Qa6 44. Ne7+ Kh7 45. Rdd2 Nxe5 46. Rxe5 Bxd6 0-1

[Event "Panevezys Elite 2018"]
[Site "Panevezys"]
[Date "2018.07.01"]
[Round "4.8"]
[White "Van Osch, Mees"]
[Black "Malinin, Yuri"]
[Result "1/2-1/2"]
[ECO "B06"]
[WhiteElo "2324"]
[BlackElo "2176"]
[Annotator "ChessBase"]
[PlyCount "122"]
[EventDate "2018.06.29"]
[EventType "swiss"]
[EventRounds "9"]
[EventCountry "LTU"]
[SourceTitle "playchess.com"]
[Source "ChessBase"]
[SourceQuality "1"]
[TimeControl "40/5400+30:1800+30"]

1. e4 g6 2. d4 Bg7 3. Nc3 d6 4. h4 Nf6 5. Be2 c5 6. dxc5 Qa5 7. Qd3 Nc6 8. cxd6 Nxe4 9. Qxe4 Bxc3+ 10. Kf1 Bf5 11. Qc4 Bg7 12. Nf3 exd6 13. h5 Rc8 14. hxg6 Bxg6 15. Bh6 Bxh6 16. Rxh6 O-O 17. Qh4 Qb4 18. Qxb4 Nxb4 19. c3 Nc6 20. Rd1 Rfd8 21. Nd4 Nxd4 22. Rxd4 Kg7 23. Rh3 Rc5 24. Re3 Kf8 25. f4 Rc7 26. g4 Bb1 27. a3 Re7 28. Kf2 Rxe3 29. Kxe3 f6 30. Rd1 Bg6 31. Bf3 b6 32. Kd4 Rc8 33. Rh1 Rc7 34. Rh2 Re7 35. Kd5 Re3 36. Rf2 Ke7 37. Re2 Rxe2 38. Bxe2 Be8 39. g5 fxg5 40. fxg5 Bg6 41. Bg4 Bd3 42. Kc6 Kf7 43. Kb7 Kg6 44. Kxa7 Kxg5 45. Bf3 b5 46. Kb6 h5 47. Bxh5 Kxh5 48. Kc6 Kg6 49. Kxd6 Kf7 50. b3 Ke8 51. Kc7 Ke7 52. a4 bxa4 53. bxa4 Ke6 54. Kc6 Be4+ 55. Kc5 Kd7 56. Kb6 Kd6 57. c4 Bf3 58. a5 Ba8 59. a6 Bc6 60. c5+ Kd7 61. Ka7 Ke8 1/2-1/2

[Event "Panevezys Elite 2018"]
[Site "Panevezys"]
[Date "2018.07.01"]
[Round "4.11"]
[White "Vicas, Marijus"]
[Black "Stasans, Aivars"]
[Result "1-0"]
[ECO "B20"]
[WhiteElo "2183"]
[BlackElo "2071"]
[Annotator "RC"]
[PlyCount "121"]
[EventDate "2018.06.29"]
[EventType "swiss"]
[EventRounds "9"]
[EventCountry "LTU"]
[SourceTitle "playchess.com"]
[Source "ChessBase"]
[SourceQuality "1"]
[TimeControl "40/5400+30:1800+30"]

1. e4 c5 2. d3 Nc6 3. f4 e6 4. Nf3 Nh6 5. Be2 f5 6. O-O Be7 7. Nbd2 O-O 8. e5 b6 9. h3 Bb7 10. a4 a6 11. c3 Qc7 12. Nb3 Nf7 13. Be3 d5 14. exd6 Bxd6 15. a5 Nxa5 16. Nxa5 bxa5 17. Qa4 Bc6 18. Qxa5 Bxf4 19. Qxc7 Bxc7 20. Bxc5 Rfb8 21. Nd4 Rxb2 22. Ba3 Rxe2 23. Nxe2 Bb6+ 24. Kh1 Rd8 25. d4 Bb5 26. Rfe1 Nd6 27. Nf4 Ne4 28. Nxe6 Rc8 29. Bb4 Nf2+ 30. Kg1 Nd3 31. Red1 Nxb4 32. cxb4 Rc4 33. Rab1 Bc6 34. Rbc1 Bd5 35. Rxc4 Bxc4 36. Nc5 Bb5 37. Ra1 Kf7 38. Kf2 g5 39. Ke3 Ke7 40. Nxa6 Kd6 41. Nc5 Kd5 42. Re1 Kc4 43. Rc1+ Kd5 44. Kd2 Bd8 45. Nb3 Be7 46. Kc3 Bf6 47. Ra1 Ke4 48. Ra5 Be2 49. b5 Bd8 50. b6 Kf4 51. b7 Bc7 52. Ra2 Ke3 53. Nc5 g4 54. hxg4 fxg4 55. Ne6 Bg3 56. Ra5 Bd6 57. Rd5 Bb8 58. Rd8 Bg3 59. b8=Q Bxb8 60. Rxb8 Bf1 61. Rb2 1-0

[Event "Panevezys Elite 2018"]
[Site "Panevezys"]
[Date "2018.07.01"]
[Round "4.12"]
[White "Prigodin, Ruslan"]
[Black "Sinitsina, Anastassia"]
[Result "1-0"]
[ECO "A00"]
[WhiteElo "2036"]
[BlackElo "2101"]
[Annotator "ChessBase"]
[PlyCount "77"]
[EventDate "2018.06.29"]
[EventType "swiss"]
[EventRounds "9"]
[EventCountry "LTU"]
[SourceTitle "playchess.com"]
[Source "ChessBase"]
[SourceQuality "1"]
[TimeControl "40/5400+30:1800+30"]

1. d4 Nf6 2. c4 e6 3. Nc3 c5 4. d5 exd5 5. cxd5 d6 6. e4 g6 7. Bd3 Bg7 8. Nge2 a6 9. a4 O-O 10. O-O Re8 11. Ng3 Nbd7 12. f4 Qc7 13. Be3 Rb8 14. Qf3 b6 15. h3 Bb7 16. Bc2 Nxd5 17. Nxd5 Bxd5 18. Rad1 Bc6 19. Rf2 Rbd8 20. Rfd2 Nf6 21. f5 Nd7 22. Qf1 d5 23. Bf4 Be5 24. Bxe5 Qxe5 25. exd5 Nb8 26. fxg6 hxg6 27. Ne4 f5 28. dxc6 Nxc6 29. Rxd8 Rxd8 30. Rxd8+ Nxd8 31. Nc3 Qd4+ 32. Qf2 Qe5 33. Bb3+ Kg7 34. Bd5 Ne6 35. Bxe6 Qxe6 36. Qe2 Qf6 37. Qxa6 Qd4+ 38. Kh1 Qf4 39. Qe2 1-0

[Event "Panevezys Elite 2018"]
[Site "Panevezys"]
[Date "2018.07.01"]
[Round "4.13"]
[White "Tsiganova, Monika"]
[Black "Kalinowska, Zuzanna"]
[Result "0-1"]
[ECO "A00"]
[WhiteElo "2131"]
[BlackElo "1968"]
[Annotator "ChessBase"]
[PlyCount "114"]
[EventDate "2018.06.29"]
[EventType "swiss"]
[EventRounds "9"]
[EventCountry "LTU"]
[SourceTitle "playchess.com"]
[Source "ChessBase"]
[SourceQuality "1"]
[TimeControl "40/5400+30:1800+30"]

1. d4 Nf6 2. c4 e6 3. g3 Bb4+ 4. Bd2 Qe7 5. Bg2 O-O 6. a3 Bxd2+ 7. Nxd2 d6 8. e4 e5 9. d5 a5 10. Ne2 Na6 11. O-O Bd7 12. Nc3 Rfb8 13. Qe2 a4 14. h3 Nc5 15. Kh2 c6 16. f4 cxd5 17. exd5 Re8 18. Rae1 Qd8 19. Qf3 exf4 20. Rxe8+ Bxe8 21. Qxf4 Qb6 22. Nb5 Bxb5 23. cxb5 Nd3 24. Qf5 Ne5 25. Rc1 Rf8 26. Rc8 Qxb5 27. Qc2 g6 28. Rc7 Nxd5 29. Bxd5 Qxd5 30. Ne4 Nf3+ 31. Kh1 Ng5 32. Re7 Nxe4 33. Qxe4 Qxe4+ 34. Rxe4 b5 35. Rd4 Rc8 36. Rd2 Kf8 37. Kg2 Ke7 38. Kf3 Rc5 39. Rd4 Ke6 40. Re4+ Re5 41. Rb4 h5 42. h4 Rc5 43. Re4+ Kf6 44. Rd4 d5 45. Ke3 Ke5 46. Rf4 f5 47. Rb4 Kd6 48. Rd4 Rc4 49. Rd2 Re4+ 50. Kf3 d4 51. Rc2 Kd5 52. Rc8 d3 53. Rd8+ Kc4 54. Rc8+ Kb3 55. Rc3+ Kxb2 56. Rxd3 Rc4 57. Rd6 Kxa3 0-1

[Event "Panevezys Elite 2018"]
[Site "Panevezys"]
[Date "2018.07.02"]
[Round "5.1"]
[White "Stremavicius, Titas"]
[Black "Vovk, Ilja"]
[Result "1-0"]
[ECO "E80"]
[WhiteElo "2448"]
[BlackElo "2273"]
[Annotator "ChessBase"]
[PlyCount "91"]
[EventDate "2018.06.29"]
[EventType "swiss"]
[EventRounds "9"]
[EventCountry "LTU"]
[SourceTitle "playchess.com"]
[Source "ChessBase"]
[SourceQuality "1"]
[TimeControl "40/5400+30:1800+30"]

1. d4 Nf6 2. c4 g6 3. Nc3 Bg7 4. e4 d6 5. f3 c6 6. Be3 a6 7. a4 a5 8. g4 h5 9. g5 Nfd7 10. f4 Na6 11. Nf3 Nb4 12. Be2 d5 13. O-O dxe4 14. Nh4 e6 15. Nxe4 O-O 16. Rf3 c5 17. dxc5 Bxb2 18. Rb1 Bg7 19. Rg3 Nb8 20. Nd6 Na2 21. Bd4 e5 22. Bxe5 Bxe5 23. fxe5 Nc6 24. Bxh5 Nc3 25. Rxc3 Qxg5+ 26. Ng2 Qxh5 27. Qxh5 gxh5 28. Rg3+ Kh7 29. Rg5 Kh6 30. h4 Nd4 31. Rf1 Bg4 32. Ne3 Nf3+ 33. Rxf3 Bxf3 34. Nef5+ Kh7 35. Rg7+ Kh8 36. Nxf7+ Rxf7 37. Rxf7 Rg8+ 38. Kf2 Bc6 39. Nd6 Rg2+ 40. Ke3 Rg3+ 41. Kf4 Rg4+ 42. Kf5 Kg8 43. e6 Bxa4 44. Rxb7 Rxh4 45. Kg6 Rg4+ 46. Kh6 1-0

[Event "Panevezys Elite 2018"]
[Site "Panevezys"]
[Date "2018.07.02"]
[Round "5.2"]
[White "Kveinys, Aloyzas"]
[Black "Grib, Roman"]
[Result "1-0"]
[ECO "C95"]
[WhiteElo "2537"]
[BlackElo "2445"]
[Annotator "ChessBase"]
[PlyCount "137"]
[EventDate "2018.06.29"]
[EventType "swiss"]
[EventRounds "9"]
[EventCountry "LTU"]
[SourceTitle "playchess.com"]
[Source "ChessBase"]
[SourceQuality "1"]
[TimeControl "40/5400+30:1800+30"]

1. e4 e5 2. Nf3 Nc6 3. Bb5 a6 4. Ba4 Nf6 5. O-O Be7 6. Re1 b5 7. Bb3 O-O 8. c3 d6 9. h3 Nb8 10. d4 Nbd7 11. Nbd2 Bb7 12. Bc2 Re8 13. Nf1 Bf8 14. Ng3 g6 15. a4 Bg7 16. Bd3 c6 17. Bg5 h6 18. Be3 Qc7 19. Qd2 Kh7 20. dxe5 Nxe5 21. Nxe5 dxe5 22. c4 Red8 23. Qc2 b4 24. c5 a5 25. Red1 Qe7 26. Bc4 h5 27. Qb3 h4 28. Nf1 Nxe4 29. Bxf7 Nf6 30. Bg5 Rd4 31. Rxd4 exd4 32. Nd2 Rf8 33. Bc4 Qxc5 34. Bxh4 Qh5 35. Qg3 c5 36. Re1 Re8 37. Rxe8 Nxe8 38. Bf7 Be5 39. f4 Qf5 40. Bxg6+ Qxg6 41. Qxg6+ Kxg6 42. fxe5 Bd5 43. b3 Ng7 44. Bd8 Ne6 45. Bxa5 Kf5 46. Bb6 Kxe5 47. Kf2 d3 48. Ke3 Bxg2 49. h4 Kd5 50. h5 Bh3 51. h6 Bf5 52. a5 Kc6 53. Nc4 d2 54. Nxd2 Nd4 55. Kf4 Bh7 56. Ke5 Kb5 57. Kf6 Bc2 58. Bc7 Bd3 59. Be5 Nc6 60. Nc4 Ka6 61. Bd6 Nd4 62. Ne5 Bh7 63. Bxc5 Nxb3 64. Bxb4 Nd4 65. Ng6 Ne6 66. Bc3 Kb5 67. Ne7 Nc5 68. Bd4 Nb3 69. Be3 1-0

[Event "Panevezys Elite 2018"]
[Site "Panevezys"]
[Date "2018.07.02"]
[Round "5.3"]
[White "Malinin, Yuri"]
[Black "Starostits, Ilmars"]
[Result "0-1"]
[ECO "A06"]
[WhiteElo "2176"]
[BlackElo "2449"]
[Annotator "ChessBase"]
[PlyCount "98"]
[EventDate "2018.06.29"]
[EventType "swiss"]
[EventRounds "9"]
[EventCountry "LTU"]
[SourceTitle "playchess.com"]
[Source "ChessBase"]
[SourceQuality "1"]
[TimeControl "40/5400+30:1800+30"]

1. Nf3 d5 2. e3 g6 3. c4 Nf6 4. b3 Bg7 5. Bb2 c6 6. Be2 O-O 7. O-O a5 8. Nc3 Bf5 9. Nd4 Bd7 10. f4 c5 11. Nf3 d4 12. exd4 cxd4 13. Nb1 Nh5 14. Ne1 Qb6 15. d3 Nf6 16. Nd2 Nc6 17. a3 Bh6 18. Kh1 Qc7 19. g3 Bh3 20. Ng2 Bg7 21. Bf3 h5 22. Ne4 Ng4 23. Bc1 Ne3 24. Bxe3 dxe3 25. Ra2 Nd4 26. Re1 Nxf3 27. Qxf3 Qb6 28. Nxe3 Qxb3 29. Rf2 Qxd3 30. Ng5 Bc8 31. Nd5 Qxf3+ 32. Nxf3 e6 33. Nb6 Ra6 34. Rb1 e5 35. Nxe5 Bf5 36. Rb5 Be4+ 37. Kg1 Bc6 38. Rb1 Rd8 39. Re2 Bf8 40. Nxc6 bxc6 41. Na4 Bxa3 42. Rb7 Raa8 43. f5 Rdb8 44. Rd7 Rb4 45. fxg6 Rxa4 46. gxf7+ Kf8 47. Re6 Rxc4 48. Rh6 Bb2 49. h3 a4 0-1

[Event "Panevezys Elite 2018"]
[Site "Panevezys"]
[Date "2018.07.02"]
[Round "5.4"]
[White "Laurusas, Tomas"]
[Black "Bjerre, Jonas Buhl"]
[Result "1-0"]
[ECO "E11"]
[WhiteElo "2465"]
[BlackElo "2436"]
[Annotator "ChessBase"]
[PlyCount "55"]
[EventDate "2018.06.29"]
[EventType "swiss"]
[EventRounds "9"]
[EventCountry "LTU"]
[SourceTitle "playchess.com"]
[Source "ChessBase"]
[SourceQuality "1"]
[TimeControl "40/5400+30:1800+30"]

1. d4 Nf6 2. c4 e6 3. Nf3 Bb4+ 4. Bd2 a5 5. g3 b6 6. Bg2 Bb7 7. O-O O-O 8. Bg5 Be7 9. Qc2 Be4 10. Qc1 Bb7 11. Rd1 h6 12. Bxf6 Bxf6 13. Nc3 d6 14. Qc2 g6 15. h4 h5 16. e4 Bg7 17. e5 dxe5 18. Nxe5 Qc8 19. f4 Bxg2 20. Qxg2 Nd7 21. Qc6 Bxe5 22. fxe5 Rb8 23. Rf1 Qd8 24. Ne4 Kg7 25. Rf4 b5 26. Ng5 Qe7 27. Raf1 Rb6 28. Qxc7 1-0